Map: Ruins of Seras

Players

Elazer

  • Race: Zerg Zerg
  • League: Grandmaster

Lambo - Winner!

  • Race: Zerg Zerg
  • League: Grandmaster

Event: DreamHack ROCCAT LotV Championship

VOD

Have the link to the VOD?

Description

Time

  • Played on: Nov. 26, 2015, 8:41 a.m.
  • Length: 7:36

All games in this series

Show
View Real Time Build Order
Export as new Build Order

Elazer Zerg 

Build Orders: 13 gas / 13 pool, Pool First, Zergling Baneling 

Get SALT Encoding   

  12  0:01  Drone  
  13  0:23  Spawning Pool  
  13  0:26  Drone  
  13  0:30  Extractor  
  13  0:34  Drone  
  13  0:38  Drone  
  14  0:47  Overlord  
  14  1:09  Queen  
  14  1:10  Zergling x2  
  14  1:11  Zergling x2  
  18  1:15  Zergling x2  
  19  1:23  Zergling x2  
  20  1:29  Metabolic Boost  
  20  1:34  Zergling x2  
  21  1:44  Zergling x2  
  22  1:54  Baneling Nest  
  22  1:57  Overlord  
  21  2:13  Zergling x2  
  22  2:17  Zergling x6  
  22  2:22  Zergling x2  
  26  2:29  Zergling x2  
  23  2:51  Zergling x2  
  23  2:54  Zergling x6  
  27  2:58  Baneling  
  27  2:59  Baneling x3  
  27  3:02  Baneling x2  
  27  3:04  Zergling x2  
  28  3:12  Zergling x2  
  29  3:21  Drone  
  28  3:31  Drone x3  
  24  3:55  Hatchery  
  23  3:58  Zergling x2  
  23  4:01  Zergling x2  
  23  4:05  Zergling x2  
  23  4:08  Zergling x2  
  25  4:11  Zergling x2  
  25  4:15  Zergling x2  
  25  4:16  Baneling  
  27  4:18  Baneling  
  27  4:23  Baneling  
  27  4:25  Baneling  
  27  4:27  Zergling x2  
  28  4:35  Drone x2  
  29  4:45  Drone  
  27  4:53  Drone x2  
  29  5:01  Baneling x2  
  29  5:05  Overlord  
  29  5:06  Queen  
  30  5:15  Zergling x4  
  31  5:23  Zergling x6  
  31  5:24  Zergling x2  
  35  5:29  Zergling x2  
  36  5:36  Zergling x2  
  37  5:47  Zergling x10  
  42  5:59  Zergling x4  
  43  6:12  Overlord  
  43  6:23  Baneling x2  
  43  6:24  Baneling x7  
  43  6:39  Zergling x2  
  48  6:40  Zergling x10  
  48  6:44  Baneling x2  
  47  6:51  Zergling x2  
  47  6:52  Zergling x6  
  44  7:04  Zergling x4  
  40  7:09  Zergling x4  
  40  7:12  Zergling x4  
  40  7:13  Zergling x2  
  45  7:16  Zergling x6  
Show
View Real Time Build Order
Export as new Build Order

Lambo Zerg - Winner!

Build Orders: Hatch First, Zergling Baneling 

Get SALT Encoding   

  12  0:01  Drone  
  13  0:12  Overlord  
  13  0:18  Drone  
  14  0:31  Drone x2  
  14  0:35  Drone  
  17  0:53  Hatchery  
  17  0:56  Drone  
  17  1:10  Spawning Pool  
  16  1:11  Extractor  
  16  1:15  Drone  
  16  1:19  Drone  
  16  1:22  Drone  
  18  1:35  Overlord  
  18  1:39  Drone  
  19  1:53  Drone  
  20  1:57  Queen  
  22  2:06  Queen, Zergling x4  
  26  2:11  Baneling Nest  
  25  2:19  Spine Crawler  
  25  2:21  Zergling x2  
  25  2:26  Drone  
  25  2:28  Zergling x2  
  27  2:35  Metabolic Boost  
  26  2:45  Zergling x4  
  27  2:56  Baneling  
  27  2:57  Baneling  
  27  3:01  Drone  
  27  3:02  Drone  
  27  3:04  Queen  
  31  3:11  Drone  
  31  3:12  Drone  
  33  3:20  Baneling  
  32  3:27  Zergling x6  
  29  3:36  Zergling x10  
  33  3:43  Zergling x4  
  32  3:57  Baneling  
  32  3:58  Baneling x2  
  32  4:01  Drone  
  32  4:02  Drone  
  33  4:09  Overlord  
  33  4:15  Baneling x5  
  33  4:23  Drone x2  
  35  4:31  Zergling x6  
  38  4:36  Drone x2  
  38  4:45  Queen  
  37  4:54  Drone x3  
  37  4:55  Drone  
  37  4:56  Baneling x2  
  37  4:58  Drone  
  42  5:04  Drone x2  
  42  5:23  Zergling x4  
  42  5:24  Drone  
  42  5:28  Overlord  
  43  5:35  Zergling x2  
  44  5:36  Roach Warren  
  44  5:41  Zergling x2  
  44  5:43  Hatchery, Overlord  
  44  5:45  Baneling x2  
  43  5:50  Extractor  
  42  6:00  Zergling x2  
  42  6:01  Zergling x6  
  45  6:07  Zergling x6  
  45  6:08  Zergling x2  
  45  6:09  Drone x4  
  53  6:23  Overlord  
  53  6:25  Overlord  
  53  6:26  Hatchery  
  53  6:27  Baneling x2  
  53  6:29  Baneling x3  
  52  6:34  Overlord  
  52  6:45  Roach x5  
  60  7:00  Zergling x4  
  56  7:03  Roach x3  
  56  7:04  Roach x3  
  63  7:09  Roach  
  63  7:11  Baneling x2  
  65  7:22  Baneling  

Tags
 
Add a new tag
Caveats
  • Supply blocks, unpowered buildings, or Contaminate may cause inaccurate times.
  • Supply counts are checked every 10 seconds.